 Dungeon Crawl Stone Soup version 0.21.0-25-ge575cb9 (webtiles) character file.

144 troglodite the Charmwright (level 5, -2/43 HPs)
             Began as a Gnoll Skald on Jan 23, 2018.
             Slain by Menkaure (13 damage)
             ... on level 4 of the Dungeon.
             The game lasted 00:18:23 (2906 turns).

troglodite the Charmwright (Gnoll Skald)            Turns: 2906, Time: 00:18:23

Health: -2/43      AC:  6    Str: 14    XL:     5   Next: 27%
Magic:  9/12       EV: 13    Int: 16    God:
Gold:   115        SH:  5    Dex: 14    Spells: 7/14 levels left

rFire    . . .     SeeInvis .   l - +1 dagger (pain)
rCold    . . .     Gourm    .   (no shield)
rNeg     . . .     Faith    .   u - +0 ring mail
rPois    .         Spirit   .   (no helmet)
rElec    .         Reflect  +   (no cloak)
rCorr    .         Harm     .   t - +0 pair of gloves
MR       .....     Rnd*Tele +   (no boots)
Stlth    +.........             n - +5 amulet of reflection
HPRegen  0.14/turn              y - ring of teleportation (curse)
MPRegen  0.13/turn              (no ring)

@: no status effects
A: distributed training, fangs 1, strong nose
a: no special abilities


You were on level 4 of the Dungeon.
You were hungry.

You visited 1 branch of the dungeon, and saw 4 of its levels.

You collected 115 gold pieces.

Inventory:

Hand Weapons
 a - a +0 falchion
 l - a +1 dagger of pain (weapon)
Armour
 b - a +0 leather armour
 q - a +0 scale mail
 t - a +0 pair of gloves (worn)
 u - a +0 ring mail (worn)
Jewellery
 n - a +5 amulet of reflection (around neck)
 y - a cursed ring of teleportation (left hand)
Scrolls
 e - a scroll of remove curse {unknown}
 g - 2 scrolls of immolation {unknown}
 h - a scroll of blinking {unknown}
 j - a scroll of noise {unknown}
 k - a scroll of amnesia {unknown}
 p - a scroll of teleportation {unknown}
 r - a scroll of fear {unknown}
 v - 3 scrolls of magic mapping {unknown}
 w - 2 scrolls of enchant weapon {unknown}
 x - a scroll of enchant armour {unknown}
Potions
 f - a potion of heal wounds
 m - a potion of might
 o - 2 potions of curing
 s - 2 potions of ambrosia
 z - a potion of berserk rage {unknown}
 A - a potion of resistance {unknown}
Books
 c - a book of Battle

   Spells                             Type                      Level
   a - Infusion                       Charms                       1
   b - Shroud of Golubria             Charms/Translocation         2
   c - Song of Slaying                Charms                       2
   d - Spectral Weapon                Hexes/Charms                 3
   e - Regeneration                   Charms/Necromancy            3
Comestibles
 d - 8 rations


   Skills:
 + Level 4.7 Fighting
 + Level 1.4 Short Blades
 + Level 4.7 Long Blades
 + Level 1.4 Axes
 + Level 1.4 Maces & Flails
 + Level 1.4 Polearms
 + Level 1.4 Staves
 + Level 1.4 Slings
 + Level 1.4 Bows
 + Level 1.4 Crossbows
 + Level 1.4 Throwing
 + Level 2.9 Armour
 + Level 4.7 Dodging
 + Level 1.4 Stealth
 + Level 1.4 Shields
 + Level 1.4 Unarmed Combat
 + Level 5.1 Spellcasting
 + Level 1.1 Conjurations
 + Level 1.1 Hexes
 + Level 5.5 Charms
 + Level 1.1 Summonings
 + Level 1.1 Necromancy
 + Level 1.1 Translocations
 + Level 1.1 Transmutations
 + Level 1.1 Fire Magic
 + Level 1.1 Ice Magic
 + Level 1.1 Air Magic
 + Level 1.1 Earth Magic
 + Level 1.1 Poison Magic
 + Level 1.5 Invocations
 + Level 1.4 Evocations


You had 7 spell levels left.
You knew the following spells:

 Your Spells              Type           Power        Failure   Level  Hunger
a - Infusion              Chrm           ###.         3%          1    None
b - Spectral Weapon       Hex/Chrm       ##......     22%         3    ###....
c - Regeneration          Chrm/Necr      ##........   22%         3    ###....


Dungeon Overview and Level Annotations

Branches:
Dungeon (4/15)
 Temple: D:4-7

Altars:

Shops:
D:4 (

Annotations:
D:4 Menkaure


Innate Abilities, Weirdness & Mutations

Your experience applies equally to all skills.
You have very sharp teeth.
Your uncanny sense of smell can sniff out nearby items.


Message History

Casting: Spectral Weapon
Confirm with . or Enter, or press ? or * to list all spells.
You draw out your weapon's spirit!
Menkaure casts a spell at you. Pain shoots through your body!
You hit Menkaure but do no damage.
Your spectral weapon hits Menkaure but does no damage.
Menkaure calls on the powers of darkness!
Your body is wracked with pain!
* * * LOW HITPOINT WARNING * * *
You hit Menkaure. You bite Menkaure, but do no damage.
Menkaure is lightly damaged.
Your spectral weapon closely misses Menkaure.
Menkaure casts a spell.
Menkaure seems to speed up.
You hit Menkaure.
Menkaure is lightly damaged.
Your spectral weapon hits Menkaure but does no damage.
Menkaure hits you!
You die...

...... #.#..## #.
∆#.....# #.#.#
#.....## .....
#......# .....<
#....#.##
......###M#.##..###..
........(@..........
......#.#...........
∆∆ .......∩...........
...#
#######.#...###....
#....# #......# ..#
#....# #.....[# #.#
#....# #......#
##.###....# .#......#
#.........#
........####..........


You could see Menkaure and a friendly spectral dagger of pain.

Vanquished Creatures
  A hound (D:4)
  3 adders
  An ooze (D:1)
  2 worms (D:2)
  2 dart slugs
  2 leopard geckos (D:3)
  4 orcs (D:3)
  A ball python (D:4)
  4 giant cockroaches
  7 goblins
  11 hobgoblins
  6 kobolds
  2 quokkas
  9 bats
  7 frilled lizards
  6 rats
68 creatures vanquished.

Vanquished Creatures (others)
  7 toadstools (D:1)
7 creatures vanquished.

Grand Total: 75 creatures vanquished

Notes
Turn   | Place    | Note
-------+----------+-------------------------------------------
     0 | D:1      | troglodite the Gnoll Skald began the quest for the Orb.
     0 | D:1      | Reached XP level 1. HP: 20/20 MP: 6/6
   187 | D:1      | Reached XP level 2. HP: 25/26 MP: 7/7
   619 | D:1      | Reached skill level 5 in Spellcasting
   619 | D:1      | Reached XP level 3. HP: 30/31 MP: 7/9
  1120 | D:1      | Learned a level 3 spell: Spectral Weapon
  1124 | D:1      | Learned a level 3 spell: Regeneration
  1131 | D:2      | Reached skill level 1 in Invocations
  1180 | D:2      | Reached skill level 1 in Short Blades
  1180 | D:2      | Reached skill level 1 in Axes
  1180 | D:2      | Reached skill level 1 in Maces & Flails
  1180 | D:2      | Reached skill level 1 in Polearms
  1180 | D:2      | Reached skill level 1 in Staves
  1180 | D:2      | Reached skill level 1 in Slings
  1180 | D:2      | Reached skill level 1 in Bows
  1180 | D:2      | Reached skill level 1 in Crossbows
  1180 | D:2      | Reached skill level 1 in Throwing
  1180 | D:2      | Reached skill level 1 in Stealth
  1180 | D:2      | Reached skill level 1 in Shields
  1180 | D:2      | Reached skill level 1 in Unarmed Combat
  1180 | D:2      | Reached skill level 1 in Evocations
  1413 | D:2      | Reached XP level 4. HP: 37/38 MP: 11/11
  2276 | D:3      | Reached skill level 1 in Conjurations
  2276 | D:3      | Reached skill level 1 in Hexes
  2276 | D:3      | Reached skill level 1 in Summonings
  2276 | D:3      | Reached skill level 1 in Necromancy
  2276 | D:3      | Reached skill level 1 in Translocations
  2276 | D:3      | Reached skill level 1 in Transmutations
  2276 | D:3      | Reached skill level 1 in Fire Magic
  2276 | D:3      | Reached skill level 1 in Ice Magic
  2276 | D:3      | Reached skill level 1 in Air Magic
  2276 | D:3      | Reached skill level 1 in Earth Magic
  2276 | D:3      | Reached skill level 1 in Poison Magic
  2832 | D:4      | Reached XP level 5. HP: 36/43 MP: 8/12
  2881 | D:4      | Found Zanteip's Weapon Shoppe.
  2898 | D:4      | Noticed Menkaure
  2906 | D:4      | Slain by Menkaure

Skill      XL: |  1  2  3  4 |
---------------+-------------+-----
Spellcasting   | 5 |  5.1
Invocations    | 1 |  1.5
Short Blades   | 1 |  1.4
Axes           | 1 |  1.4
Maces & Flails | 1 |  1.4
Polearms       | 1 |  1.4
Staves         | 1 |  1.4
Slings         | 1 |  1.4
Bows           | 1 |  1.4
Crossbows      | 1 |  1.4
Throwing       | 1 |  1.4
Stealth        | 1 |  1.4
Shields        | 1 |  1.4
Unarmed Combat | 1 |  1.4
Evocations     | 1 |  1.4
Conjurations   | 1 |  1.1
Hexes          | 1 |  1.1
Summonings     | 1 |  1.1
Necromancy     | 1 |  1.1
Translocations | 1 |  1.1
Transmutations | 1 |  1.1
Fire Magic     | 1 |  1.1
Ice Magic      | 1 |  1.1
Air Magic      | 1 |  1.1
Earth Magic    | 1 |  1.1
Poison Magic   | 1 |  1.1
Fighting       | |  4.7
Long Blades    | |  4.7
Armour         | |  2.9
Dodging        | |  4.7
Charms         | |  5.5

Action                   |  1- 3 |  4- 6 || total
-------------------------+-------+-------++-------
Melee: Falchion          |    93 |    37 ||   130
       Bite              |     7 |    11 ||    18
       Dagger            |       |    99 ||    99
 Cast: Spectral Weapon   |     2 |     2 ||     4
  Use: Scroll            |       |     4 ||     4
 Stab: Sleeping          |     3 |     1 ||     4
  Eat: Chunk             |     2 |     4 ||     6
Armor: Leather armour    |    25 |     3 ||    28
       Ring mail         |       |    25 ||    25
Dodge: Dodged            |    71 |    88 ||   159
Block: Other             |       |    24 ||    24
       Rpst.: Falchion   |    22 |     6 ||    28
